 Dungeon Crawl Stone Soup version 0.31-a0-1412-g7b7c7d10e1 (webtiles) character file.

Game seed: 10478206189771693391

700 Querens the Shield-Bearer (level 7, -8/56 HPs)
             Began as a Formicid Fighter on Dec 26, 2023.
             Mangled by an ogre
             ... wielding a +0 giant club
              (16 damage)
             ... on level 5 of the Dungeon.
             The game lasted 00:08:27 (2582 turns).

Querens the Shield-Bearer (Formicid Fighter)        Turns: 2582, Time: 00:08:28

Health: -8/56      AC: 12    Str: 22    XL:     7   Next: 98%
Magic:  7/7        EV:  6    Int:  8    God:
Gold:   234        SH:  5    Dex: 13    Spells: 6/6 levels left

rFire   . . .        a - +0 war axe
rCold   . . .        c - +0 buckler
rNeg    . . .        g - +0 plate armour
rPois   .            (helmet unavailable)
rElec   .            (no cloak)
rCorr   .            (no gloves)
SInv    +            (no boots)
Will    .....        (no amulet) Stlth
                     (no ring)
HPRegen 0.29/turn    (no ring)
MPRegen 0.10/turn

%: no passive effects
@: no status effects
A: permanent stasis, dig shafts and tunnels, antennae 3, four strong arms
a: Dig, Shaft Self


You were on level 5 of the Dungeon.
You visited 1 branch of the dungeon, and saw 5 of its levels.

You collected 234 gold pieces.

Inventory:

Hand Weapons
 a - a +0 war axe (weapon)
Missiles
 p - a throwing net
Armour
 c - a +0 buckler (worn)
 g - a +0 plate armour (worn)
Scrolls
 b - 7 scrolls of identify {unknown}
 f - 6 scrolls of teleportation {unknown}
 k - a scroll of revelation {unknown}
 l - 2 scrolls of immolation {unknown}
 m - 2 scrolls of fear {unknown}
 q - a scroll of blinking {unknown}
Potions
 d - a potion of might
 e - 5 potions of curing
 h - a potion of berserk rage {unknown}
 i - a potion of haste {unknown}
 j - a potion of ambrosia {unknown}
 o - a potion of mutation {unknown}


   Skills:
 + Level 5.5 Fighting
 + Level 4.4 Axes
 + Level 5.5 Armour
 + Level 6.7 Shields


You had 6 spell levels left.
You didn't know any spells.
Your spell library contained the following spells:

 Spells                   Type           Power      Damage    Failure   Level
 Foxfire                  Conj/Fire      0%         2x1d4     100%        1
 Passwall                 Alch/Erth      0%         N/A       100%        2
 Stone Arrow              Conj/Erth      0%         3d7       100%        3
 Animate Armour           Summ/Erth      0%         N/A       100%        4
 Animate Dead             Necr           0%         N/A       100%        4
 Lee's Rapid Deconstruct  Erth           0%         3d4*      100%        5
 Plasma Beam              Fire/Air       0%         2x1d10    100%        6
 Starburst                Conj/Fire      0%         6d3       100%        6
 Lehudib's Crystal Spear  Conj/Erth      0%         10d2      100%        8


Dungeon Overview and Level Annotations

Branches:
Dungeon (5/15)
 Temple: D:4-7

Altars:
Ashenzari
Dithmenos
Nemelex Xobeh
Vehumet


Innate Abilities, Weirdness & Mutations

You cannot be hasted, slowed, berserked, paralysed or teleported.
You can dig through walls and to a lower floor.
You have a pair of large antennae on your head. (SInv)
Your four strong arms can wield two-handed weapons with a shield.


Message History

A hound comes into view.
The hound bites you but does no damage. You block the hound's attack.
You see here a scroll labelled VOXZIS PAHOTIU.
You slash the hound!
The hound is almost dead.
You block the hound's attack. The hound barely misses you.
You barely miss the hound.
The hound is almost dead.
You block the hound's attack. The hound bites you but does no damage.
You hit the hound.
You kill the hound!
No target in view!
No target in view!
f - 6 scrolls labelled VOXZIS PAHOTIU (gained 1)
An ogre comes into view. It is wielding a +0 giant club.
The ogre shouts!
Aiming: Iceblast
Press: ? - help, Shift-Dir - straight line, f - ogre
Aim: an ogre, wielding a +0 giant club The mass of ice explodes!
The iceblast engulfs the ogre!
The ogre is heavily wounded.
The now-empty wand crumbles to dust.
Unknown command.
You slash the ogre!
The ogre is severely wounded.
The ogre hits you with a +0 giant club!
You hit the ogre but do no damage.
The ogre is severely wounded.
The ogre hits you but does no damage.
You barely miss the ogre.
The ogre is severely wounded.
The ogre hits you with a +0 giant club!!
* * * LOW HITPOINT WARNING * * *
You are too injured to fight recklessly!
You are too injured to fight recklessly!
You barely miss the ogre.
The ogre is severely wounded.
The ogre hits you with a +0 giant club!
You die...

#.# #####.#
######......
#######.......†..#
#.............####
#.##.#######..#
#.##.#..|.(#..#
#.##...##[.#..####
#@##.#.# #........
#O##.#.###...>....
#.##.#.....##.####
#.##..#...###.# #
#.##.#...## #.##
#.##.##..####..##
#?..............##
###.###.###.#.....
# #.# #.#..###


You could see an ogre.

Vanquished Creatures
  2 phantoms
  A bombardier beetle (D:5)
  3 hounds
  A jelly (D:5)
  Natasha (D:4)
  3 iguanas
  Ijyb (D:4)
  9 adders
  7 gnolls
  2 ufetubi
  3 worms
  A dart slug (D:2)
  6 orcs
  4 endoplasms
  4 giant cockroaches
  9 goblins
  14 hobgoblins
  4 jackals
  8 ball pythons
  6 bats
  5 frilled lizards
  9 kobolds
  5 rats
108 creatures vanquished.

Notes
Turn   | Place    | Note
-------+----------+-------------------------------------------
     0 | D:1      | Querens the Formicid Fighter began the quest for the Orb.
     0 | D:1      | Reached XP level 1. HP: 18/18 MP: 1/1
   107 | D:1      | Reached XP level 2. HP: 23/24 MP: 2/2
   240 | D:1      | Reached XP level 3. HP: 28/29 MP: 3/3
   459 | D:1      | Found a faded altar of an unknown god.
   857 | D:2      | Reached XP level 4. HP: 33/37 MP: 4/4
   958 | D:2      | Got the Handbook of Metallic Unspeakable Acts
  1187 | D:3      | Found a broken altar of Ashenzari.
  1272 | D:3      | Reached skill level 5 in Shields
  1272 | D:3      | Reached XP level 5. HP: 39/42 MP: 5/5
  1558 | D:4      | Reached XP level 6. HP: 48/49 MP: 6/6
  1561 | D:4      | Found a shadowy altar of Dithmenos.
  1748 | D:4      | Noticed Ijyb
  1764 | D:4      | Killed Ijyb
  1784 | D:4      | Found a radiant altar of Vehumet.
  1928 | D:4      | Noticed Natasha
  1939 | D:4      | Killed Natasha
  1971 | D:4      | Reached skill level 6 in Shields
  1971 | D:4      | Reached XP level 7. HP: 37/55 MP: 7/7
  2117 | D:4      | Reached skill level 5 in Fighting
  2117 | D:4      | Reached skill level 5 in Armour
  2162 | D:5      | Entered Level 5 of the Dungeon
  2361 | D:5      | Found a sparkling altar of Nemelex Xobeh.
  2582 | D:5      | Mangled by an ogre

Illustrated notes

Levels and vault maps discovered:
D:1:      reono_arrival_mine, layout_loops_ring,
          hellmonk_ecumenical_altar_inner_sanctum, st_stairs_9
D:2:      cheibrodos_old_hovel, layout_basic
D:3:      layout_rooms, old_standard_altar
D:4:      minmay_skewed_foursquare, layout_basic, nicolae_vehumet_radiance,
          grunt_dithmenos_smoke, uniq_natasha, uniq_ijyb
D:5:      layout_loops_ring, nemelex_spade_bored_becter

Skill      XL: |  1  2  3  4  5  6  7 |
---------------+----------------------+-----
Fighting       | 4 5 |  5.5
Armour         | 4 5 |  5.5
Shields        | 5 6 |  6.7
Axes           | 3 4 |  4.4

Action                     |  1- 3 |  4- 6 |  7- 9 || total
---------------------------+-------+-------+-------++-------
  Melee: War axe           |   113 |   164 |   102 ||   379
  Evoke: Wand              |       |       |     3 ||     3
    Use: Potion            |       |     1 |       ||     1
 Armour: Scale mail        |     5 |       |       ||     5
         Plate armour      |    81 |   176 |   143 ||   400
  Dodge: Dodged            |    23 |    58 |    55 ||   136
  Block: Buckler           |    40 |    64 |    60 ||   164

Table legend: (Time is in decaauts)
 A = Elapsed time spent in this place.
 B = Non-inter-level travel time spent in this place.
 C = Inter-level travel time spent in this place.
 D = Time resting spent in this place.
 E = Time spent auto-exploring this place.
 F = Levels seen in this place.
 G = Mean time per level.
                   A        B        C        D        E       F      G
               +--------+--------+--------+--------+--------+-----+--------+
         Total |   2724 |   2542 |    182 |      0 |      0 |   5 |  544.8 |
       Dungeon |   2724 |   2542 |    182 |      0 |      0 |   5 |  544.8 |
               +--------+--------+--------+--------+--------+-----+--------+

Top non-repeatable levels by time:
     D:4: 854 daAuts
     D:1: 641 daAuts
     D:2: 509 daAuts
     D:3: 378 daAuts
     D:5: 341 daAuts
